[Event "*** SCC Grand Prix: Titled Tuesday Blitz"]
[Site "Chess.com"]
[Date "2020.06.02"]
[Round "2"]
[White "Jojo_1608"]
[Black "mbojan"]
[Result "1/2-1/2"]
[WhiteElo "2166"]
[BlackElo "2610"]
[TimeControl "180+1"]
[EndTime "10:16:22 PDT"]
[Termination "Game drawn by repetition"]

1. d4 Nf6 2. c4 c5 3. d5 b5 4. cxb5 a6 5. b6 d6 6. Nc3 Nbd7 7. a4 Qxb6 8. a5 Qa7 9. e4 g6 10. Nf3 Bg7 11. Nd2 O-O 12. Be2 Rb8 13. O-O Ne8 14. Nc4 Nc7 15. Na4 Nb5 16. Nab6 Nxb6 17. Nxb6 Nd4 18. Be3 Kh8 19. Bc4 f5 20. f3 Bd7 21.
Kh1 Bb5 22. Bxd4 Bxd4 23. Qe2 Bxc4 24. Nxc4 Rb4 25. Rab1 Qd7 26. exf5 Qxf5 27. Nb6 Be5 28. Nc4 Bd4 29. Nb6 Be5 30. Nc4 Bf6 31. Nb6 Be5 1/2-1/2

[Event "*** SCC Grand Prix: Titled Tuesday Blitz"]
[Site "Chess.com"]
[Date "2020.06.02"]
[Round "2"]
[White "PowerThinking2650"]
[Black "2346PL"]
[Result "1/2-1/2"]
[WhiteElo "2258"]
[BlackElo "2450"]
[TimeControl "180+1"]
[EndTime "10:16:22 PDT"]
[Termination "Game drawn by agreement"]

1. e4 c5 2. Nf3 Nf6 3. Nc3 Nc6 4. d4 d5 5. exd5 Nxd5 6. Bb5 Nxc3 7. bxc3 cxd4 8.
Nxd4 Bd7 9. O-O Nxd4 10. Bxd7+ Qxd7 11. cxd4 Rc8 12. d5 Rc5 13. c4 Rxc4 14. Qd3 b5 15. Bb2 h5 16. Rac1 Rh6 17. Rxc4 bxc4 18. Qxc4 Rd6 19. Rd1 e6 20. g3 Rxd5 21. Rxd5 exd5 22.
Qe2+ Qe6 23. Qb5+ 1/2-1/2

[Event "*** SCC Grand Prix: Titled Tuesday Blitz"]
[Site "Chess.com"]
[Date "2020.06.02"]
[Round "2"]
[White "almo64"]
[Black "JosefineHeinemann"]
[Result "0-1"]
[WhiteElo "2806"]
[BlackElo "2551"]
[TimeControl "180+1"]
[EndTime "10:16:23 PDT"]
[Termination "JosefineHeinemann won by resignation"]

1. e4 e5 2. Nc3 Nf6 3. Bc4 Nxe4 4. Qh5 Nd6 5. Qxe5+ Qe7 6. Qxe7+ Bxe7 7. Be2 Nf5 8.
Nf3 c6 9. g4 Nh4 10. Nxh4 Bxh4 11. d4 d5 12. Bf4 Be6 13. Bg3 Bf6 14. O-O-O Nd7 15. h4 O-O-O 16. f4 g6 17. Rhf1 Nb6 18. f5 gxf5 19. g5 Be7 20. Bd3 h6 21. g6 fxg6 22.
Rde1 Kd7 23. h5 gxh5 24. Rxe6 Kxe6 25. Bxf5+ Kf7 26. Bc8+ Kg6 27. Bxb7 Bg5+ 28. Kd1 Rhf8 29. Rg1 Rf6 30. Be5 Re6 31. b3 Nd7 32. Bc7 Rf8 33. Ne2 Kh7 34. Ba6 h4 35. Bd3+ Kh8 36.
Nf4 Bxf4 37. Ba5 h3 38. Rh1 h2 39. Be1 Rg8 40. Bf5 Rxe1+ 0-1

[Event "*** SCC Grand Prix: Titled Tuesday Blitz"]
[Site "Chess.com"]
[Date "2020.06.02"]
[Round "2"]
[White "WeAintSurePal"]
[Black "MYMChessAcademy"]
[Result "0-1"]
[WhiteElo "2240"]
[BlackElo "2455"]
[TimeControl "180+1"]
[EndTime "10:16:23 PDT"]
[Termination "MYMChessAcademy won by resignation"]

1. d4 Nf6 2. c4 g6 3. Nc3 Bg7 4. e4 d6 5. Bd3 O-O 6. Nge2 e5 7.
d5 Nh5 8. Ng3 Nf4 9. Bc2 Nd7 10.
O-O a6 11. f3 h5 12. Be3 h4 13. Nge2 g5 14. Qd2 f6 15. g3 Ng6 16. f4 hxg3 17.
hxg3 gxf4 18. gxf4 f5 19. exf5 Nh4 20. Ng3 exf4 21.
Rxf4 Ne5 22. f6 Nhf3+ 23. Rxf3 Nxf3+ 24. Kg2 Nxd2 25. fxg7 Kxg7 26. Bxd2 Bg4 27. Nce4 Bf3+ 28. Kg1 Qh4 29. Bc3+ Kg8 30. Rf1 Qg4 31. Kh2 Bxe4 32.
Rxf8+ Rxf8 33. Nxe4 Qe2+ 34. Kg3 Qxc2 35. Nf6+ Rxf6 36. Bxf6 Qg6+ 0-1

[Event "*** SCC Grand Prix: Titled Tuesday Blitz"]
[Site "Chess.com"]
[Date "2020.06.02"]
[Round "2"]
[White "Danfii"]
[Black "kingofkolkata"]
[Result "1-0"]
[WhiteElo "2430"]
[BlackElo "2200"]
[TimeControl "180+1"]
[EndTime "10:16:23 PDT"]
[Termination "Danfii won by resignation"]

1. e4 e5 2. Nf3 Nc6 3. Bc4 Nf6 4. d3 Bc5 5. O-O d6 6. c3 a6 7. Nbd2 Ba7 8. Bb3 O-O 9. h3 h6 10. Re1 Nh5 11. Nf1 Qf6 12. Be3 Nf4 13. h4 Bg4 14. N1h2 Be6 15. g3 Nh3+ 16. Kg2 g5 17. Bxe6 Qxe6 18. d4 g4 19. d5 Qe7 20. Nxg4 Bxe3 21.
fxe3 h5 22. Nh6+ Kh7 23. Nf5 Qf6 24. dxc6 Rg8 25. Kxh3 Rg4 26. cxb7 Rag8 27. Ng5+ R8xg5 28. hxg5 Qxg5 29. b8=Q Rxe4 30. Qf3 Rg4 31. Qf8 Qf6 32. Qh6+ Qxh6 33. Nxh6 Kxh6 1-0

[Event "*** SCC Grand Prix: Titled Tuesday Blitz"]
[Site "Chess.com"]
[Date "2020.06.02"]
[Round "2"]
[White "Illingworth"]
[Black "OnatB"]
[Result "1-0"]
[WhiteElo "2892"]
[BlackElo "2332"]
[TimeControl "180+1"]
[EndTime "10:16:25 PDT"]
[Termination "Illingworth won by resignation"]

1. d4 g6 2. e4 Bg7 3. Nf3 d6 4. Bc4 Nf6 5. Qe2 O-O 6. O-O c6 7. Bb3 a5 8. c3 a4 9. Bc2 Qc7 10. Re1 e5 11. Nbd2 h6 12. Nf1 Re8 13. Ng3 Nbd7 14.
h3 Nb6 15. Be3 Kh7 16. Rad1 Be6 17. dxe5 dxe5 18. Nxe5 Bxa2 19. Ng4 Nc4 20. Bxh6 Nxg4 21. Bxg7 Nxf2 22. Qxf2 Kxg7 23. e5 Rxe5 24. Rxe5 Nxe5 25.
Qf4 Re8 26. Qg5 Qb6+ 27. Kh1 Qf2 28. Nh5+ Kh7 29. Nf6+ 1-0

[Event "*** SCC Grand Prix: Titled Tuesday Blitz"]
[Site "Chess.com"]
[Date "2020.06.02"]
[Round "2"]
[White "AlanZhang"]
[Black "rynos0411"]
[Result "0-1"]
[WhiteElo "2243"]
[BlackElo "2454"]
[TimeControl "180+1"]
[EndTime "10:16:26 PDT"]
[Termination "rynos0411 won by resignation"]

1. e4 c6 2. d4 d5 3. Nc3 dxe4 4. Nxe4 Nf6 5. Nxf6+ exf6 6. g3 Be6 7. Bg2 Bd6 8.
Ne2 O-O 9. O-O Re8 10. Qd3 Qc7 11. Bf4 Nd7 12. c4 Rad8 13. Bxd6 Qxd6 14. Rad1 b6 15. Nf4 Nf8 16. d5 Bg4 17. Rde1 cxd5 18. cxd5 Ng6 19. Nxg6 hxg6 20. h3 Bf5 21. Qc4 Bd7 22. Qa6 Rxe1 23.
Rxe1 Qb4 24. Qxa7 Qxe1+ 25. Kh2 0-1

[Event "*** SCC Grand Prix: Titled Tuesday Blitz"]
[Site "Chess.com"]
[Date "2020.06.02"]
[Round "2"]
[White "Grandmaster2B"]
[Black "Forking_U"]
[Result "1-0"]
[WhiteElo "2434"]
[BlackElo "2198"]
[TimeControl "180+1"]
[EndTime "10:16:26 PDT"]
[Termination "Grandmaster2B won on time"]

1. e4 e5 2. Nf3 Nc6 3. Bb5 a6 4. Ba4 Nge7 5. O-O g6 6. Nc3 Bg7 7. d4 Nxd4 8. Nxd4 exd4 9. Ne2 Nc6 10. f4 Qe7 11. e5 O-O 12. Bxc6 dxc6 13. Qxd4 Bf5 14.
Bd2 Rad8 15. Qe3 Bxc2 16. Rac1 Rd3 17. Qe4 Qc5+ 18. Be3 Rxe3 19. Qd4 Qxd4 20. Nxd4 Bd3 21. Rfd1 c5 22. Nb3 b6 23. Kf2 Re4 24. Rxd3 Rxf4+ 25. Ke3 Bxe5 26. g3 1-0

[Event "*** SCC Grand Prix: Titled Tuesday Blitz"]
[Site "Chess.com"]
[Date "2020.06.02"]
[Round "2"]
[White "MartinMatthiesen"]
[Black "andy_rekt"]
[Result "1-0"]
[WhiteElo "2364"]
[BlackElo "2021"]
[TimeControl "180+1"]
[EndTime "10:16:26 PDT"]
[Termination "MartinMatthiesen won by resignation"]

1. d4 e6 2. c4 Nf6 3. Nf3 Bb4+ 4. Bd2 a5 5. g3 b6 6. Bg2 Bb7 7. O-O O-O 8. Nc3 d6 9. Qc2 Nbd7 10. Rfe1 Qe7 11. e4 e5 12. Nd5 Nxd5 13. cxd5 Bxd2 14. Qxd2 exd4 15. Nxd4 Nc5 16. f4 f6 17. Re3 Rfe8 18. Rae1 Qf7 19. b3 Ba6 20. a3 Rab8 21. b4 axb4 22. axb4 Nd7 23. Rc1 Rec8 24. Bh3 Kh8 25.
Rec3 Rb7 26. b5 1-0

[Event "*** SCC Grand Prix: Titled Tuesday Blitz"]
[Site "Chess.com"]
[Date "2020.06.02"]
[Round "2"]
[White "SoltaniciR"]
[Black "gahryman"]
[Result "0-1"]
[WhiteElo "2462"]
[BlackElo "2702"]
[TimeControl "180+1"]
[EndTime "10:16:27 PDT"]
[Termination "gahryman won by resignation"]

1. e4 c5 2. Nf3 e6 3. d4 cxd4 4. Nxd4 Nc6 5. Nc3 Qc7 6. Be2 Nf6 7. O-O a6 8. Be3 b5 9. Nxc6 dxc6 10. f4 Be7 11. e5 Nd5 12. Nxd5 cxd5 13. Bd4 O-O 14. c3 Bd7 15. Bd3 Bc5 16. Qd2 g6 17. Kh1 Bxd4 18. cxd4 Qb6 19. Qe3 b4 20. Rac1 Bb5 21.
Rc5 Rfc8 22. Rfc1 Rxc5 23. Rxc5 Qb7 24. Kg1 Rc8 25. Bxb5 Rxc5 26. dxc5 Qxb5 27. Qc1 Qc6 28. Kf2 Kf8 29. Ke3 Ke7 30. Kd4 Qa4 31. c6 b3+ 32. Ke3 Qe4+ 33. Kf2 Qc2+ 0-1

[Event "*** SCC Grand Prix: Titled Tuesday Blitz"]
[Site "Chess.com"]
[Date "2020.06.02"]
[Round "2"]
[White "Enriquack"]
[Black "PauloFanha"]
[Result "1-0"]
[WhiteElo "2350"]
[BlackElo "1951"]
[TimeControl "180+1"]
[EndTime "10:16:27 PDT"]
[Termination "Enriquack won by resignation"]

1. e4 d5 2. exd5 Qxd5 3. Nc3 Qd6 4. d4 Nf6 5. Be3 c6 6. Bd3 Bg4 7. Nge2 e6 8. f3 Bh5 9. Ne4 Nxe4 10. fxe4 Be7 11. O-O O-O 12. Qe1 Bxe2 13. e5 Qc7 14.
Qxe2 g6 15. Rf3 Re8 16. Raf1 Bf8 17. Qf2 Re7 18. Bg5 Rd7 19. Qh4 Na6 20. Rh3 h5 21. Bf6 Bg7 22. Bxg7 Kxg7 23. Qf6+ Kg8 24. Bxg6 fxg6 25.
Qxg6+ Kh8 26. Rxh5+ Rh7 27. Rf7 Qxf7 28. Qxf7 1-0

[Event "*** SCC Grand Prix: Titled Tuesday Blitz"]
[Site "Chess.com"]
[Date "2020.06.02"]
[Round "2"]
[White "Dr-Bassem"]
[Black "Chessmatus"]
[Result "1-0"]
[WhiteElo "2791"]
[BlackElo "2522"]
[TimeControl "180+1"]
[EndTime "10:16:28 PDT"]
[Termination "Dr-Bassem won by resignation"]

1. e4 e5 2. Nf3 Nc6 3. Bc4 Bc5 4. O-O Nf6 5. d3 a6 6. c3 d6 7. Re1 O-O 8. h3 h6 9. Nbd2 Na5 10. Bd5 Nc6 11. Bb3 Ba7 12. Nf1 Nh5 13. d4 Qf6 14. Ne3 exd4 15. Nd5 Qd8 16. cxd4 Nf6 17. Bf4 Re8 18.
Nc3 Na5 19. Bc2 Be6 20. Qd3 c5 21. d5 c4 22. Qd2 Bc8 23. Bxd6 Qxd6 24. e5 Qd8 25.
exf6 Rxe1+ 26. Rxe1 gxf6 1-0

[Event "*** SCC Grand Prix: Titled Tuesday Blitz"]
[Site "Chess.com"]
[Date "2020.06.02"]
[Round "2"]
[White "Richarzard69"]
[Black "chessplayer9919"]
[Result "0-1"]
[WhiteElo "2270"]
[BlackElo "2494"]
[TimeControl "180+1"]
[EndTime "10:16:28 PDT"]
[Termination "chessplayer9919 won on time"]

1. Nf3 d5 2. c4 d4 3. e3 Nc6 4. exd4 Nxd4 5. Nxd4 Qxd4 6. d3 e5 7. Nc3 c6 8. Be3 Qd8 9. d4 exd4 10. Qxd4 Qxd4 11.
Bxd4 Nf6 12. O-O-O Be7 13. Bd3 O-O 14. Rhe1 Be6 15.
f4 Rfd8 16. Bf1 Bd6 17. Be5 Bc5 18. h3 h5 19. Bxf6 gxf6 20. Ne4 Bd4 21. Rd3 h4 22. Red1 Bxc4 23. Rxd4 Rxd4 24. Rxd4 Bxf1 25. Rd7 Bxg2 26. Nxf6+ Kg7 27. Ng4 Bxh3 28. Rd2 Bxg4 29. Rg2 f5 0-1

[Event "*** SCC Grand Prix: Titled Tuesday Blitz"]
[Site "Chess.com"]
[Date "2020.06.02"]
[Round "2"]
[White "Galileo22"]
[Black "DucksParadise"]
[Result "1-0"]
[WhiteElo "2371"]
[BlackElo "2054"]
[TimeControl "180+1"]
[EndTime "10:16:28 PDT"]
[Termination "Galileo22 won on time"]

1. d4 Nf6 2. c4 e6 3. Nf3 Bb4+ 4. Bd2 a5 5. g3 Nc6 6. Bg2 d6 7. O-O e5 8. d5 Nb8 9. Bc1 O-O 10. h3 Nbd7 11.
a3 Bc5 12. Nc3 Re8 13. e4 Nb6 14. b3 c6 15. Rb1 cxd5 16. cxd5 Qc7 17. Qd3 Bd7 18. Ne2 Rac8 19. b4 axb4 20. axb4 1-0

[Event "*** SCC Grand Prix: Titled Tuesday Blitz"]
[Site "Chess.com"]
[Date "2020.06.02"]
[Round "2"]
[White "kuban1991"]
[Black "korbul"]
[Result "1-0"]
[WhiteElo "2722"]
[BlackElo "2475"]
[TimeControl "180+1"]
[EndTime "10:16:29 PDT"]
[Termination "kuban1991 won by resignation"]

1. Nf3 d5 2. g3 e6 3. Bg2 Nf6 4. O-O Be7 5. d3 O-O 6. Nbd2 c5 7. e4 Nc6 8. e5 Ne8 9. Re1 Nc7 10. h4 b5 11. Nf1 b4 12. h5 Nb5 13. h6 g6 14.
N1h2 Nbd4 15. Bf4 a5 16. c3 Nxf3+ 17. Qxf3 bxc3 18. bxc3 Rb8 19. Rab1 Ba6 20. Ng4 a4 21. Nf6+ Bxf6 22. exf6 e5 23. Qxd5 exf4 24. Qxd8 Rfxd8 25.
Bxc6 Rxb1 26. Rxb1 fxg3 27. d4 gxf2+ 28. Kxf2 cxd4 29.
cxd4 a3 30. Rb3 Bc4 31. Rxa3 g5 32. Ke3 g4 33. d5 Kh8 34. Kf4 Rg8 35. d6 g3 36.
Rxg3 Rd8 37. Ra3 Be6 38. d7 Bxd7 39. Bxd7 1-0

[Event "*** SCC Grand Prix: Titled Tuesday Blitz"]
[Site "Chess.com"]
[Date "2020.06.02"]
[Round "2"]
[White "OnePeculiarConundrum"]
[Black "kot60"]
[Result "0-1"]
[WhiteElo "2224"]
[BlackElo "2445"]
[TimeControl "180+1"]
[EndTime "10:16:29 PDT"]
[Termination "kot60 won by resignation"]

1. e4 e5 2. Nf3 Nc6 3. Bb5 a6 4. Ba4 d6 5. d4 Bd7 6. O-O Nge7 7. d5 Nb8 8. Bxd7+ Nxd7 9. c4 Ng6 10. Nc3 Be7 11. Be3 h6 12. b4 b6 13. Na4 Bg5 14. Qd2 Bxe3 15. Qxe3 O-O 16. c5 bxc5 17. bxc5 f5 18.
cxd6 cxd6 19. Rfc1 fxe4 20. Qxe4 Nf4 21. Rc6 Nf6 22.
Qc4 Kh8 23. Rb1 Qe8 24. Rxd6 Qg6 25. Qf1 Nxg2 26. Kh1 Nf4 27. Nc3 Qh5 28. Ng1 Rac8 29. Rc6 Rcd8 30. f3 N6xd5 31. Nxd5 Rxd5 32. Rbc1 Rd2 33. Ne2 0-1

[Event "*** SCC Grand Prix: Titled Tuesday Blitz"]
[Site "Chess.com"]
[Date "2020.06.02"]
[Round "2"]
[White "ClassyEl"]
[Black "LyonBeast"]
[Result "0-1"]
[WhiteElo "2573"]
[BlackElo "2937"]
[TimeControl "180+1"]
[EndTime "10:16:32 PDT"]
[Termination "LyonBeast won by resignation"]

1. d4 d5 2. Nf3 Nf6 3. Bf4 e6 4. e3 Bd6 5. Bg3 c5 6. c3 Nc6 7. Nbd2 Qe7 8. Ne5 Nd7 9. f4 O-O 10. Bd3 f6 11. Nxc6 bxc6 12. O-O Rb8 13. b3 cxd4 14.
exd4 f5 15. Nf3 Nf6 16. Ne5 Qc7 17. c4 Ne4 18. Bxe4 dxe4 19. Rc1 Bb7 20. c5 Bxe5 21.
dxe5 Rbd8 22. Qe2 Rd3 23. Bh4 Ba6 24. Qf2 Rf7 25. Rfd1 Rfd7 26. Rxd3 Bxd3 27. h3 Qa5 28. Kh2 h6 29. Qe3 Qxa2 30. b4 Bb5 31. Qg3 Kh7 32.
Rc3 Bf1 33. Ra3 Qb2 34. Ra6 Bxa6 0-1

[Event "*** SCC Grand Prix: Titled Tuesday Blitz"]
[Site "Chess.com"]
[Date "2020.06.02"]
[Round "2"]
[White "HonzaVykouk"]
[Black "barbara25"]
[Result "1-0"]
[WhiteElo "2625"]
[BlackElo "2217"]
[TimeControl "180+1"]
[EndTime "10:16:32 PDT"]
[Termination "HonzaVykouk won by resignation"]

1. e4 c5 2. Nf3 d6 3. d4 cxd4 4. Nxd4 Nf6 5. Nc3 a6 6. Be3 e5 7. Nb3 Be7 8. f3 Be6 9. Qd2 Nbd7 10. O-O-O h5 11. Nd5 Nxd5 12. exd5 Bf5 13. Bd3 Bxd3 14. Qxd3 Bg5 15. Kb1 Rc8 16. Bf2 Qc7 17. h4 Bh6 18. g4 Bf4 19. c3 Qc4 20. Qxc4 Rxc4 21. Na5 Rc7 22. g5 g6 23. Rhe1 f6 24. gxf6 Nxf6 25. Bb6 Re7 26. Nc4 Kd7 27. Ba5 Rg8 28.
Nb6+ Ke8 29. Bb4 e4 30. fxe4 Nxe4 31. Nc8 Re5 32. Nxd6+ Nxd6 33. Bxd6 1-0

[Event "*** SCC Grand Prix: Titled Tuesday Blitz"]
[Site "Chess.com"]
[Date "2020.06.02"]
[Round "2"]
[White "kintoho"]
[Black "ElGasanov"]
[Result "1-0"]
[WhiteElo "2342"]
[BlackElo "2733"]
[TimeControl "180+1"]
[EndTime "10:16:32 PDT"]
[Termination "kintoho won by resignation"]

1. e4 c5 2. Nf3 Nc6 3. c3 e5 4. Bc4 Nf6 5. Ng5 d5 6. exd5 Nxd5 7. Qh5 g6 8. Qf3 Qxg5 9. Bxd5 Nd8 10. Na3 Qf5 11. Nb5 Qd7 12. c4 Bg7 13. h4 h5 14. d3 O-O 15. Bg5 a6 16. Bxd8 axb5 17. Bf6 bxc4 18. dxc4 Ra6 19. Bxg7 Kxg7 20. Qc3 Qe7 21.
O-O Qxh4 22. Qxe5+ Rf6 23. Rae1 b6 24. Re4 Bg4 25.
f3 Kh7 26. fxg4 Rxf1+ 27. Kxf1 hxg4 28. Qe7 Qh1+ 29. Kf2 Kg7 30. Rf4 g3+ 31. Kxg3 1-0

[Event "*** SCC Grand Prix: Titled Tuesday Blitz"]
[Site "Chess.com"]
[Date "2020.06.02"]
[Round "2"]
[White "davekoenig"]
[Black "ega2006"]
[Result "1-0"]
[WhiteElo "2146"]
[BlackElo "2377"]
[TimeControl "180+1"]
[EndTime "10:16:32 PDT"]
[Termination "davekoenig won by resignation"]

1. e4 c5 2. Nc3 Nc6 3. g3 g6 4. Bg2 Bg7 5. d3 e6 6. Be3 Nd4 7. Nce2 Ne7 8. c3 Nxe2 9. Nxe2 d6 10. Qd2 O-O 11. Bh6 Rb8 12. h4 f5 13. Bxg7 Kxg7 14.
h5 Rh8 15. O-O-O b5 16. d4 c4 17. hxg6 hxg6 18. Rxh8 Qxh8 19. Rh1 Qg8 20. exf5 exf5 21. Nf4 Bb7 22. Qe3 Kf6 23. Re1 Qf7 24. Bxb7 Rxb7 25. Qe6+ Qxe6 26. Rxe6+ Kf7 27. Rxd6 Rb6 28. Rd7 Ra6 29.
Nd5 Ke6 30. Rxe7+ Kxd5 31. Re5+ Kd6 32. a3 Rb6 33. Kd2 a6 34. Ke3 Rb8 35. Kf4 Rh8 36.
Kg5 Rg8 37. Kf6 Kd7 38. Kf7 Rh8 39.
Kxg6 Rh2 40. Re2 Rh1 41. Kxf5 1-0

[Event "*** SCC Grand Prix: Titled Tuesday Blitz"]
[Site "Chess.com"]
[Date "2020.06.02"]
[Round "2"]
[White "AleksanderHnydiuk"]
[Black "BilodeauA"]
[Result "0-1"]
[WhiteElo "2561"]
[BlackElo "2901"]
[TimeControl "180+1"]
[EndTime "10:16:34 PDT"]
[Termination "BilodeauA won by resignation"]

1. d4 d5 2. c4 dxc4 3. Nf3 a6 4. e3 Bg4 5. Bxc4 e6 6. h3 Bh5 7. Nc3 Nc6 8. O-O Nf6 9. Be2 Bd6 10. b3 O-O 11. Bb2 Qe8 12. Ng5 Bg6 13. Bf3 Rd8 14. Qe2 e5 15. d5 Ne7 16. Rfd1 Nf5 17. Nge4 Nxe4 18. Nxe4 Nh4 19. Nxd6 cxd6 20. Bh5 f5 21. Bxg6 Qxg6 22. f3 f4 23. e4 Rc8 24. Rdc1 h5 25.
a4 Qf6 26. Ba3 g5 27. Rc4 g4 28. hxg4 hxg4 29. Rxc8 Rxc8 30. Rc1 Rxc1+ 31. Bxc1 gxf3 32. gxf3 Qg5+ 33. Kf1 Qg3 34. Ba3 Nxf3 35. Qg2 Kf7 36. Qxg3 fxg3 37. Bxd6 Kf6 38. Kg2 Nd2 39. Kxg3 Nxe4+ 0-1

[Event "*** SCC Grand Prix: Titled Tuesday Blitz"]
[Site "Chess.com"]
[Date "2020.06.02"]
[Round "2"]
[White "AlexanderL"]
[Black "shineatchess"]
[Result "1-0"]
[WhiteElo "2824"]
[BlackElo "2469"]
[TimeControl "180+1"]
[EndTime "10:16:34 PDT"]
[Termination "AlexanderL won on time"]

1. Nf3 d5 2. e3 Nf6 3. c4 e6 4.
Nc3 Be7 5. b3 c5 6. Bb2 O-O 7.
cxd5 exd5 8. d4 cxd4 9. Nxd4 Nc6 10. Be2 Ne4 11. Nxe4 dxe4 12. Nxc6 Qxd1+ 13. Rxd1 bxc6 14. O-O Be6 15. Rc1 c5 16. Bc4 Bxc4 17. Rxc4 f5 18. Ba3 Rac8 19. Rfc1 Rfd8 20. g4 fxg4 21. Rxe4 Bf8 22.
Rc2 h5 23. Re5 g6 24. Kg2 Rd1 25. Re6 Kf7 26. Ra6 h4 27. h3 gxh3+ 28. Kxh3 Rh1+ 29. Kg2 Ra1 30. Rxa7+ Kg8 31. Bb2 Rb1 32. Bf6 Re8 33. Rc4 Rd1 34. Rxh4 1-0

[Event "*** SCC Grand Prix: Titled Tuesday Blitz"]
[Site "Chess.com"]
[Date "2020.06.02"]
[Round "2"]
[White "ZverevLev"]
[Black "Abund"]
[Result "1-0"]
[WhiteElo "2236"]
[BlackElo "2611"]
[TimeControl "180+1"]
[EndTime "10:16:34 PDT"]
[Termination "ZverevLev won by resignation"]

1. e4 c5 2. Nf3 Nc6 3. d4 cxd4 4. Nxd4 Nf6 5. Nc3 e5 6. Ndb5 d6 7. Bg5 a6 8. Na3 b5 9. Bxf6 gxf6 10. Nd5 f5 11. g3 fxe4 12. Bg2 Be6 13. Bxe4 Bg7 14.
Qh5 Rc8 15. c3 Ne7 16. Rd1 Nxd5 17. Bxd5 O-O 18. O-O Rc5 19. Bg2 Qd7 20. Qh4 Bxa2 21. Nc2 Be6 22. Ne3 d5 23. b4 Rxc3 24. Bxd5 Qe8 25.
Be4 f5 26. Bxf5 h6 27. Qg4 Bc4 28. Nxc4 bxc4 29. Rd7 Rf7 30. Rxf7 Kxf7 31. Bg6+ 1-0

[Event "*** SCC Grand Prix: Titled Tuesday Blitz"]
[Site "Chess.com"]
[Date "2020.06.02"]
[Round "2"]
[White "warmoatmeal"]
[Black "guillembaches"]
[Result "0-1"]
[WhiteElo "2220"]
[BlackElo "2441"]
[TimeControl "180+1"]
[EndTime "10:16:34 PDT"]
[Termination "guillembaches won by resignation"]

1. d4 Nf6 2. Nf3 e6 3. Bg5 h6 4. Bh4 d6 5. e3 g5 6. Bg3 Nh5 7. Nbd2 Bg7 8. c3 Qe7 9. Bd3 Nd7 10. Qe2 a6 11. O-O-O O-O 12. Bc2 f5 13. h4 Nxg3 14.
fxg3 g4 15. Nh2 d5 16. Rde1 c5 17. Rhf1 b5 18. Nxg4 fxg4 19. Qxg4 Rxf1 20. Rxf1 Nf8 21. e4 e5 22. Qh5 cxd4 23. cxd4 Be6 24. dxe5 d4 25.
Bb3 Rc8+ 26. Kb1 Bc4 27. Qe2 Bxb3 28. Nxb3 Qxe5 29. Rf5 d3 30. Qf2 Qxe4 0-1

[Event "*** SCC Grand Prix: Titled Tuesday Blitz"]
[Site "Chess.com"]
[Date "2020.06.02"]
[Round "2"]
[White "Bulldog167"]
[Black "SCIM"]
[Result "1-0"]
[WhiteElo "2766"]
[BlackElo "2508"]
[TimeControl "180+1"]
[EndTime "10:16:36 PDT"]
[Termination "Bulldog167 won by resignation"]

1. Nf3 Nf6 2. e3 g6 3. b3 Bg7 4. Bb2 O-O 5. Be2 c5 6. O-O Nc6 7. d4 cxd4 8. Nxd4 d5 9. Nxc6 bxc6 10. c4 a5 11. Nc3 Ba6 12. cxd5 cxd5 13. Rc1 e6 14.
Bxa6 Rxa6 15. Qd3 Ra8 16. Rc2 Ng4 17. h3 Ne5 18. Qe2 Nc6 19. Na4 Nb4 20. Bxg7 Kxg7 21. Rc5 d4 22. exd4 Qxd4 23. Rd1 Qf6 24. Nb6 Rad8 25.
Nd7 Qe7 26. Rc7 Rfe8 27. Qe5+ f6 28. Nxf6 Rxd1+ 29. Kh2 Kf7 30. Nxe8 Kxe8 31. Qh8+ 1-0

[Event "*** SCC Grand Prix: Titled Tuesday Blitz"]
[Site "Chess.com"]
[Date "2020.06.02"]
[Round "2"]
[White "AminMolaei"]
[Black "aa175"]
[Result "1-0"]
[WhiteElo "2715"]
[BlackElo "2469"]
[TimeControl "180+1"]
[EndTime "10:16:37 PDT"]
[Termination "AminMolaei won on time"]

1. d4 e5 2. dxe5 Nc6 3. Nf3 Qe7 4. Qd5 f6 5. exf6 Nxf6 6. Qd1 d5 7. e3 Bg4 8. Be2 O-O-O 9. O-O g5 10. Nd4 Bxe2 11. Nxc6 bxc6 12. Qxe2 g4 13. b3 Qe5 14. c3 Bd6 15. g3 h5 16. Bb2 h4 17. c4 Qf5 18.
Nc3 d4 19. exd4 Rde8 20. Qd2 Qf3 21. Qd1 hxg3 22. Qxf3 gxh2+ 23. Kh1 gxf3 24. d5 Ng4 25. dxc6 Rh3 26. Nd5 1-0

[Event "*** SCC Grand Prix: Titled Tuesday Blitz"]
[Site "Chess.com"]
[Date "2020.06.02"]
[Round "2"]
[White "hanzo_hasashi1"]
[Black "jerry_77"]
[Result "1-0"]
[WhiteElo "2729"]
[BlackElo "2486"]
[TimeControl "180+1"]
[EndTime "10:16:38 PDT"]
[Termination "hanzo_hasashi1 won on time"]

1. c4 Nf6 2. Nf3 e6 3. g3 d5 4. Bg2 d4 5. O-O c5 6. e3 Nc6 7. exd4 cxd4 8. d3 Be7 9. Re1 O-O 10. Na3 Re8 11. Bf4 a6 12. Nc2 Qb6 13. a3 a5 14.
b3 Nd7 15. Rb1 Bf8 16. b4 a4 17. c5 Qd8 18. b5 Na5 19. c6 Nc5 20. Nfxd4 e5 21. Rxe5 Rxe5 22. Bxe5 bxc6 23. bxc6 Qe8 24. Qe2 Nab3 25. c7 Ra6 26. Re1 1-0

[Event "*** SCC Grand Prix: Titled Tuesday Blitz"]
[Site "Chess.com"]
[Date "2020.06.02"]
[Round "2"]
[White "HunterBRR"]
[Black "Goryachkina"]
[Result "0-1"]
[WhiteElo "2019"]
[BlackElo "2601"]
[TimeControl "180+1"]
[EndTime "10:16:38 PDT"]
[Termination "Goryachkina won on time"]

1. d4 d5 2. c4 e6 3. Nc3 Nf6 4. cxd5 exd5 5. Bg5 c6 6. e3 h6 7. Bh4 Be7 8. Bd3 Ne4 9. Bxe7 Qxe7 10. Nf3 Bg4 11.
Qc2 Bxf3 12. gxf3 Ng5 13. Qe2 Nd7 14. Rg1 Qf6 15. f4 Ne6 16. Rb1 O-O-O 17. Kd2 Rhe8 18. Qg4 g5 19. f5 Nc7 20. b4 Qd6 21. Rgc1 Qxh2 22.
Qf3 g4 23. Qe2 g3 24. fxg3 Qxg3 25. b5 c5 26. dxc5 Nxc5 27. Na4 Nxa4 28. b6 Nxb6 29. Bb5 Re7 30. Rc5 d4 0-1

[Event "*** SCC Grand Prix: Titled Tuesday Blitz"]
[Site "Chess.com"]
[Date "2020.06.02"]
[Round "2"]
[White "MacDaddyMac"]
[Black "Reality-Stone"]
[Result "0-1"]
[WhiteElo "2271"]
[BlackElo "2497"]
[TimeControl "180+1"]
[EndTime "10:16:38 PDT"]
[Termination "Reality-Stone won by resignation"]

1. e4 e6 2. d4 d5 3. e5 c5 4. c3 Nc6 5. Nf3 Qb6 6. a3 c4 7.
Be2 Na5 8. Nbd2 Bd7 9. O-O Ne7 10. Ng5 h6 11. Nh3 Nc8 12. f4 Qc7 13. Qe1 Nb6 14.
g4 g6 15. Qg3 O-O-O 16. Kh1 Be7 17. Rb1 Ba4 18. Ra1 Bc2 19. Bd1 Bd3 20. Re1 g5 21. fxg5 hxg5 22. Nf2 Bg6 23. Nf3 Rdg8 24. Nxg5 Nb3 25.
Bxb3 cxb3 26. Nf3 Nc4 27. Nd2 Bh4 28. Qg2 Bxf2 29. Qxf2 Nxd2 30. Bxd2 Be4+ 31. Rxe4 dxe4 32. Qf4 Rh4 33. Qxe4 f5 34. Qf3 Rgxg4 35. Rg1 Rxh2+ 36.
Kxh2 Qh7+ 37. Qh3 Qxh3+ 38. Kxh3 Rxg1 39. c4 Rd1 40. Bc3 Rd3+ 41. Kh4 Rxc3 42. d5 Rxc4+ 43. Kg5 exd5 44. e6 0-1

[Event "*** SCC Grand Prix: Titled Tuesday Blitz"]
[Site "Chess.com"]
[Date "2020.06.02"]
[Round "2"]
[White "ARTHURMOTIVATOR"]
[Black "oneshot007"]
[Result "0-1"]
[WhiteElo "2189"]
[BlackElo "2424"]
[TimeControl "180+1"]
[EndTime "10:16:39 PDT"]
[Termination "oneshot007 won by resignation"]

1. e4 g6 2. d4 Nf6 3. Nc3 d5 4. e5 Ne4 5. Bd3 Nxc3 6. bxc3 c5 7. Nf3 Nc6 8. O-O Qa5 9. c4 cxd4 10. cxd5 Qxd5 11. Qe2 Bg4 12. Bf4 Bxf3 13. gxf3 Bg7 14. Rab1 O-O 15. Rxb7 Nxe5 16. Be4 Qe6 17. Qb5 a6 18.
Qb4 Qf6 19. Bxe5 Qxe5 20. Rxe7 Qg5+ 21. Kh1 Rab8 22. Qa3 Be5 23. h3 Qf4 0-1